Map: Ulrena

Players

capac - Winner!

  • Race: Terran Terran
  • League: Gold

WillyX

  • Race: Zerg Zerg
  • League: Gold

VOD

Have the link to the VOD?

Description

Time

  • Played on: April 25, 2016, 5:43 p.m.
  • Length: 23:51
Show
View Real Time Build Order
Export as new Build Order

capac Terran - Winner!

Build Orders:  

Get SALT Encoding   

  12  0:01  SCV  
  13  0:13  SCV  
  14  0:18  Supply Depot  
  14  0:25  SCV  
  15  0:40  SCV  
  15  0:42  Barracks  
  16  0:54  Refinery, SCV  
  17  1:10  SCV  
  18  1:22  SCV  
  19  1:34  Marine  
  20  1:41  Command Center  
  20  1:45  Orbital Command  
  20  1:54  Marine  
  21  2:03  Barracks  
  21  2:13  SCV  
  22  2:21  Factory  
  21  2:38  Barracks Reactor  
  21  2:39  Refinery  
  21  2:40  Supply Depot  
  21  2:45  SCV  
  21  2:51  Marine  
  23  3:02  Orbital Command  
  23  3:10  Factory Tech Lab  
  24  3:15  Barracks Tech Lab  
  24  3:16  Marine x2  
  24  3:19  Engineering Bay, SCV  
  26  3:31  SCV  
  27  3:36  Siege Tank  
  30  3:44  SCV  
  30  3:47  SCV  
  32  3:55  Starport  
  32  3:58  Supply Depot  
  27  4:11  Orbital Command  
  25  4:20  Siege Tank  
  25  4:22  Marine  
  25  4:23  Marine  
  30  4:30  SCV  
  31  4:39  SCV  
  31  4:42  Marine x2, SCV  
  31  4:43  Marine  
  31  4:44  Medivac  
  38  4:57  SCV x2  
  40  5:00  Marine x2  
  42  5:11  Marine  
  46  5:14  Siege Tank  
  46  5:15  SCV x2  
  48  5:27  SCV x2  
  50  5:31  Marine x2  
  52  5:38  Starport Tech Lab  
  52  5:39  Bunker  
  52  5:45  Supply Depot  
  52  5:46  Terran Infantry Weapons Level 1  
  52  5:47  SCV x2  
  54  5:56  Supply Depot  
  54  5:59  Marine x3  
  57  6:16  Supply Depot  
  57  6:17  Marine x2  
  59  6:22  Starport  
  59  6:23  Missile Turret  
  59  6:32  Siege Tank  
  62  6:35  Marine x3  
  65  6:44  Raven  
  65  6:45  Barracks  
  65  6:47  Barracks, SCV x2  
  69  6:49  Refinery  
  69  6:50  Refinery  
  69  6:52  Supply Depot  
  69  6:58  Armory  
  69  7:01  Starport Reactor  
  69  7:03  SCV x2  
  71  7:14  Missile Turret  
  71  7:17  Missile Turret  
  71  7:28  Marine x3  
  74  7:35  Medivac  
  76  7:37  Siege Tank  
  75  8:13  Marine x2  
  75  8:15  Barracks Tech Lab  
  70  8:20  Barracks Reactor  
  70  8:24  Combat Shields  
  70  8:26  Liberator, Barracks Reactor  
  70  8:31  SCV x2  
  72  8:39  Missile Turret  
  72  8:42  Command Center  
  75  8:52  SCV x2  
  75  8:53  Marine  
  75  8:54  Marine x2  
  80  9:01  Supply Depot  
  80  9:03  Supply Depot  
  80  9:21  Marine x4  
  80  9:22  Marine x3  
  87  9:38  Siege Tank  
  90  9:39  Marine x3  
  90  9:40  Medivac x2  
  90  9:42  Supply Depot  
  90  9:43  Supply Depot  
  97  9:47  Missile Turret  
  97  9:48  Marine x4  
  97  9:50  Medivac  
  103  10:00  Marine x3  
  103  10:04  Barracks  
  103  10:05  Marine  
  107  10:09  Barracks, Marine x3  
  107  10:11  Barracks  
  110  10:18  Marine x3  
  113  10:23  Marine  
  113  10:24  Raven  
  113  10:26  Marine  
  113  10:27  Marine x2  
  119  10:36  Marine x3, Medivac x2  
  119  10:38  Terran Infantry Weapons Level 2  
  119  10:41  Marine  
  127  10:49  Liberator x2  
  127  11:01  Marine x2  
  127  11:02  Marine x3  
  138  11:49  Marine x3  
  138  11:50  Barracks Reactor  
  138  11:51  Barracks Reactor x2  
  141  12:03  Marine x2, Medivac x2  
  141  12:04  Supply Depot, Siege Tank  
  141  12:05  Supply Depot  
  141  12:08  Terran Ship Weapons Level 1  
  150  12:14  Engineering Bay  
  150  12:36  Starport, Liberator x2  
  150  12:40  Siege Tank  
  153  12:49  Marine x6  
  153  12:50  Marine x4  
  169  13:15  Stimpack  
  169  13:19  SCV x2  
  171  13:22  Terran Infantry Weapons Level 3  
  171  13:26  Supply Depot  
  171  13:32  SCV x2  
  173  13:47  Marine x4  
  177  14:06  Orbital Command  
  177  14:19  Terran Ship Weapons Level 2  
  177  14:23  Supply Depot  
  177  14:24  Refinery x2  
  177  14:27  Liberator x2  
  177  14:38  Siege Tank  
  180  14:43  Starport Reactor  
  180  14:44  Supply Depot  
  186  14:48  Supply Depot  
  186  14:49  Supply Depot  
  186  15:14  Marine x2, Command Center  
  186  15:15  Marine x3  
  186  15:16  Marine  
  191  15:31  Liberator  
  189  15:38  Siege Tank  
  178  16:10  Siege Tank  
  181  16:27  Medivac x2  
  185  16:43  Siege Tank  
  188  16:52  Liberator x4  
  200  17:15  Terran Infantry Armor Level 1  
  148  18:05  Marine x4  
  126  18:06  Marine x5  
  112  18:17  Marine x2  
  112  18:18  Marine x2  
  107  18:22  Liberator x5  
  104  18:32  Marine  
  104  18:33  Marine x6  
  104  18:34  Marine  
  110  18:35  Marine x3  
  110  18:36  Marine  
  110  18:37  Marine  
  131  18:52  Marine  
  131  18:53  Marine x6  
  131  18:54  Marine x6  
  144  19:05  Liberator x4  
  144  19:10  Marine x2  
  144  19:11  Marine x5  
  144  19:12  Marine  
  164  19:42  Marine x7  
  164  19:43  Marine  
  172  19:59  Marine x4  
  176  20:08  Engineering Bay  
  176  20:40  Refinery x2  
  176  20:55  Medivac x2  
  148  21:31  Liberator x4  
  148  21:32  Liberator  
  138  22:14  Liberator x4  
  128  22:48  Liberator  
  122  23:03  Marine x6  
  122  23:04  Marine x4  
Show
View Real Time Build Order
Export as new Build Order

WillyX Zerg 

Build Orders: Pool First, Lurkers 

Get SALT Encoding   

  12  0:02  Drone  
  13  0:14  Drone  
  13  0:18  Overlord  
  14  0:37  Drone  
  14  0:38  Drone x2  
  17  0:48  Spawning Pool  
  16  0:51  Extractor  
  16  0:56  Drone  
  16  1:05  Drone  
  17  1:17  Drone  
  18  1:36  Hatchery  
  18  1:38  Queen  
  19  1:41  Drone  
  19  1:46  Drone  
  21  1:57  Metabolic Boost  
  21  1:59  Drone  
  22  2:04  Overlord  
  22  2:15  Spine Crawler  
  21  2:32  Overlord, Extractor  
  21  2:33  Drone x2  
  22  2:40  Lair  
  22  2:49  Spore Crawler  
  21  2:53  Drone  
  21  2:54  Drone  
  23  3:02  Queen  
  25  3:08  Zergling x2  
  26  3:13  Zergling x2  
  26  3:14  Zergling x2  
  26  3:18  Drone  
  29  3:23  Zergling x2  
  29  3:26  Zergling x2  
  31  3:29  Zergling x2  
  31  3:33  Zergling x2  
  33  3:37  Drone  
  34  3:53  Hydralisk Den  
  33  4:01  Spore Crawler  
  29  4:22  Drone x3  
  32  4:27  Extractor  
  29  4:39  Lurker Den  
  29  4:45  Evolution Chamber  
  28  4:46  Pneumatized Carapace  
  28  4:48  Drone x2  
  30  5:03  Drone  
  30  5:04  Drone x3  
  34  5:14  Hydralisk x3  
  40  5:32  Spore Crawler  
  40  5:33  Hydralisk x2  
  43  5:45  Spine Crawler  
  43  5:47  Drone x2  
  43  5:49  Overlord  
  44  6:22  Overlord x2  
  44  6:26  Hydralisk x4  
  44  6:32  Overlord  
  52  6:48  Lurker  
  52  6:49  Spine Crawler, Lurker x3  
  55  7:07  Drone x3  
  55  7:08  Hydralisk  
  58  7:09  Hydralisk  
  58  7:27  Lurker  
  58  7:28  Lurker x4  
  49  8:00  Zergling x6  
  49  8:01  Zergling x12  
  54  8:24  Drone x2  
  54  8:25  Drone x3  
  59  8:35  Extractor  
  58  8:47  Queen  
  60  8:50  Overlord x2  
  38  9:37  Hydralisk x3  
  44  9:41  Drone x2  
  44  9:42  Drone x2  
  48  9:53  Hatchery  
  48  9:59  Roach Warren  
  46  10:02  Infestation Pit, Hatchery  
  44  10:13  Drone x3  
  47  10:20  Hydralisk x3  
  53  10:24  Lurker x2  
  53  10:25  Lurker  
  56  10:51  Glial Reconstitution, Muscular Augments  
  56  10:53  Hydralisk  
  56  10:54  Hydralisk x2  
  62  10:58  Hive  
  62  11:01  Roach x3  
  62  11:02  Roach x2  
  72  11:13  Drone  
  72  11:14  Evolution Chamber  
  72  11:15  Evolution Chamber  
  71  11:19  Drone  
  72  11:25  Ravager  
  72  11:26  Ravager x4  
  77  11:52  Hydralisk x5  
  87  11:56  Overlord  
  87  12:00  Drone  
  87  12:01  Overlord x2  
  88  12:14  Drone x2  
  88  12:15  Drone  
  91  12:18  Drone  
  91  12:20  Roach x3  
  91  12:21  Roach x3  
  104  12:28  Viper x2  
  110  12:30  Overlord x3  
  110  12:43  Spore Crawler  
  109  12:46  Spine Crawler  
  109  12:47  Spore Crawler  
  109  12:48  Spine Crawler, Drone x3  
  109  12:56  Drone x2  
  109  12:57  Drone  
  112  13:05  Zerg Missile Weapons Level 1, Zerg Ground Armor Level 1  
  112  13:09  Viper  
  112  13:10  Viper x2  
  112  13:12  Zergling x6  
  124  13:30  Drone x3  
  124  13:33  Drone  
  128  13:34  Overlord x2  
  128  13:48  Overlord x4  
  128  13:49  Overlord  
  128  14:04  Hydralisk  
  130  14:10  Ultralisk Cavern  
  130  14:11  Roach x2  
  130  14:12  Roach x4  
  130  14:13  Extractor x2  
  130  14:15  Drone x3  
  142  14:18  Drone x3  
  145  14:36  Ravager  
  145  14:37  Ravager x4  
  145  14:38  Ravager  
  151  14:39  Overlord  
  151  14:40  Overlord  
  151  14:42  Drone x2  
  153  14:49  Hydralisk x3  
  153  14:50  Hydralisk  
  153  14:52  Zergling x2  
  162  15:11  Chitinous Plating  
  162  15:13  Hydralisk x2  
  166  15:28  Hydralisk  
  166  15:29  Hydralisk x2  
  165  15:58  Hydralisk x5  
  165  15:59  Hydralisk x2  
  179  16:04  Hydralisk x2, Drone  
  179  16:10  Drone x3  
  187  16:15  Spine Crawler  
  187  16:17  Spine Crawler  
  185  16:22  Zerg Ground Armor Level 2  
  185  16:32  Extractor  
  184  16:33  Extractor  
  183  16:44  Hatchery, Hydralisk x3  
  183  16:45  Hydralisk x2  
  192  16:57  Hatchery  
  191  17:05  Overlord x2  
  61  18:34  Ultralisk x2  
  61  18:35  Ultralisk x4  
  61  18:37  Zergling x2  
  95  18:47  Zergling x10  
  97  19:01  Ultralisk x2  
  109  19:03  Zergling x2  
  110  19:16  Hydralisk x4  
  112  19:17  Hydralisk x2  
  112  19:20  Zergling x12  
  128  19:38  Extractor  
  128  19:40  Extractor  
  126  19:46  Hydralisk x4  
  126  19:49  Hatchery  
  133  19:56  Hydralisk x2  
  133  19:57  Hydralisk x4  
  133  19:59  Spore Crawler  
  135  20:50  Lurker x5  
  135  20:51  Lurker x2  
  142  21:00  Spore Crawler  
  142  21:01  Spore Crawler  
  142  21:03  Drone  
  141  21:05  Spore Crawler  
  76  22:17  Roach  
  76  22:18  Roach x9  
  96  22:45  Evolution Chamber  
  71  23:14  Hydralisk x3  
Tags
 
Composition
Lurkers
League
GoldGold
Matchup
TvZ
Opening
Pool First
Add a new tag
Caveats
  • Supply blocks, unpowered buildings, or Contaminate may cause inaccurate times.
  • Supply counts are checked every 10 seconds.